 Dungeon Crawl Stone Soup version 0.30.1-9-gdf580d7c3d (webtiles) character file.

Game seed: 6672843525873717359

70 KittyFluff the Cudgeller (level 4, -1/29 HPs)
             Began as a Gargoyle Berserker on Oct 8, 2023.
             Was a Believer of Trog.
             Slain by Natasha (2 damage)
             ... on level 2 of the Dungeon.
             The game lasted 00:03:30 (834 turns).

KittyFluff the Cudgeller (Gargoyle Berserker)        Turns: 834, Time: 00:03:31

Health: -1/29      AC:  5    Str: 23    XL:     4   Next: 22%
Magic:  4/4        EV: 12    Int:  7    God:    Trog [**....]
Gold:   53         SH:  0    Dex:  9    Spells: 3/3 levels left

rFire   . . .        a - +0 mace
rCold   . . .        (no shield)
rNeg    + . .        b - +0 animal skin
rPois   ∞            (no helmet)
rElec   +            (no cloak)
rCorr   +            (no gloves)
SInv    +            (no boots)
Will    .....        (no amulet)
Stlth   +            h - ring of see invisible
HPRegen 0.24/turn    j - ring of resist corrosion
MPRegen 0.09/turn

%: no passive effects
@: slowed, very slow
A: sickness immunity, AC +3, negative energy resistance 1, electricity
resistance, torment resistance 1, petrification resistance
a: Renounce Religion, Berserk, Trog's Hand


You were on level 2 of the Dungeon.
You worshipped Trog.
Trog was pleased with you.
You visited 1 branch of the dungeon, and saw 2 of its levels.

You collected 53 gold pieces.

Inventory:

Hand Weapons
 a - a +0 mace (weapon)
 m - a +0 great mace
Missiles
 l - 3 poisoned darts (quivered)
Armour
 b - a +0 animal skin (worn)
Jewellery
 h - a ring of see invisible (left hand)
 j - a ring of resist corrosion (right hand)
Scrolls
 e - 2 scrolls of magic mapping {unknown}
 f - a scroll of teleportation {unknown}
 g - a scroll of enchant armour {unknown}
 i - a scroll of identify {unknown}
 k - 3 scrolls of fear {unknown}
 n - a scroll of blinking {unknown}
 o - a scroll of immolation {unknown}
Potions
 c - a potion of brilliance {unknown}
 d - a potion of flight {unknown}


   Skills:
 + Level 3.7 Fighting
 * Level 3.8 Maces & Flails
 * Level 3.2 Armour
 + Level 2.0 Dodging


You had 3 spell levels left.
You didn't know any spells.
Your spell library was empty.

Dungeon Overview and Level Annotations

Branches:
Dungeon (2/15)

Altars:

Annotations:
D:2 Natasha


Innate Abilities, Weirdness & Mutations

You are immune to sickness and miasma.
Your stone body is resilient. (AC +3)
You are immune to poison.
You resist negative energy. (rN+)
You are resistant to electric shocks. (rElec)
You are resistant to unholy torment.
You are immune to petrification.


Message History

You kill the bat!
Trog accepts your kill.
You can now call upon Trog for regeneration and willpower.
You hit the rat.
You kill the rat!
Trog accepts your kill.
Things that are here:
a rat corpse; a bat corpse Natasha, Servant of Life and Death comes into view.
She is carrying a wand of flame (10).
Natasha moves out of view.
You hit the rat.
You kill the rat!
Trog accepts your kill.
Found 4 gold pieces.
You now have 53 gold pieces (gained 4).
Natasha hisses angrily.
Natasha mumbles some strange words.
Natasha stares at you and mumbles some strange words.
You feel yourself slow down.
The cerulean imp shouts!
Natasha casts a spell at you. The magic dart hits you. Natasha claws you.
You closely miss Natasha.
The cerulean imp hits you from afar with a +1 spear.
Natasha casts a spell at you. The magic dart hits you.
The cerulean imp hits you but does no damage.
You closely miss Natasha. Natasha barely misses you.
The cerulean imp hits you from afar with a +1 spear.
Natasha claws you.
The cerulean imp hits you but does no damage.
You hit Natasha but do no damage.
Natasha stares at you and mumbles some strange words.
The magic dart hits you!
* * * LOW HITPOINT WARNING * * *
The cerulean imp completely misses you. Natasha closely misses you.
The cerulean imp misses you.
You barely miss Natasha. Natasha claws you.
You die...

#.#### #.##.##.. ..# #.#......
.## ##.#..##.. .## ###....# #.#
#. .. .. ..# #...##.# #.# #.## #.
.## #.# ##...##.# #.# ...##.##...
#.# #.....#.###5#######....#...
#.# ##.##......h..............
#.# #.###..###@.######......##
#.# ..# #.## ##.### #.#.....#
#.####.## #.# #...####.#.#.#.##
#.#....# ..# ###........#.#†..
#.#....# #.########.....###)...##
#.#....# #.##.........##.....#.##
#.#....###.#..#####.........##...
#.#....#.....## ###......÷..#####
#........#.## ##...........#


You could see Natasha and a cerulean imp (summoned).

Vanquished Creatures
  Natasha (D:2)
  2 adders (D:2)
  3 bats (D:2)
  An endoplasm (D:1)
  3 giant cockroaches
  3 goblins
  2 kobolds
  4 quokkas
  A ball python (D:2)
  3 frilled lizards
  4 rats
27 creatures vanquished.

Notes
Turn   | Place    | Note
-------+----------+-------------------------------------------
     0 | D:1      | KittyFluff the Gargoyle Berserker began the quest for the
                  | Orb.
     0 | D:1      | Reached XP level 1. HP: 14/14 MP: 1/1
   106 | D:1      | Reached XP level 2. HP: 15/19 MP: 2/2
   387 | D:1      | Found a faded altar of an unknown god.
   461 | D:2      | Reached XP level 3. HP: 13/23 MP: 3/3
   583 | D:2      | Noticed Natasha
   597 | D:2      | Killed Natasha
   687 | D:2      | Reached XP level 4. HP: 28/28 MP: 4/4
   761 | D:2      | Reached ** piety under Trog
   768 | D:2      | Noticed Natasha
   833 | D:2      | HP: 1/29 [Natasha/magic dart (9)]
   834 | D:2      | Slain by Natasha

Illustrated notes

Levels and vault maps discovered:
D:1:      psy_arrival_dodecagon, layout_rooms,
          dilly_ecumenical_altar_fadedgnrine
D:2:      layout_rooms, kennysheep_jessica_study, uniq_natasha, uniq_jessica

Skill      XL: |  1  2  3 |
---------------+----------+-----
Armour         | 3 |  3.2
Dodging        | 2 |  2.0
Fighting       | |  3.7
Maces & Flails | |  3.8

Action                     |  1- 3 |  4- 6 || total
---------------------------+-------+-------++-------
  Melee: Mace              |    64 |    22 ||    86
         Punch             |     1 |       ||     1
 Invoke: Berserk           |     1 |       ||     1
 Armour: Animal skin       |    21 |    13 ||    34
  Dodge: Dodged            |    47 |    15 ||    62
